[Event "EYTCC Open U12 2018"]
[Site "Bad Blankeburg"]
[Date "2018.07.12"]
[Round "1"]
[White "Maurizzi, Marc Andria"]
[Black "Gokcek, Kursat Bugra"]
[Result "*"]
[ECO "C28"]
[WhiteElo "2155"]
[BlackElo "1974"]
[Annotator "NA"]
[PlyCount "72"]
[EventDate "2018.07.12"]
[EventType "swiss"]
[EventCountry "GER"]
[SourceTitle "playchess.com"]
[Source "ChessBase"]
[SourceQuality "1"]
[TimeControl "40/5400+30:1800+30"]

1. e4 e5 2. Nc3 Nf6 3. Bc4 Nc6 4. d3 Be7 5. Be3 Na5 6. Nf3 Nxc4 7. dxc4 d6 8. h3 Be6 9. Qe2 c5 10. g4 Qa5 11. Nd2 h6 12. f4 exf4 13. Bxf4 O-O-O 14. O-O-O g5 15. Bg3 h5 16. Nb3 Qb4 17. Nd5 Bxd5 18. exd5 Rde8 19. a3 Qa4 20. Nd2 hxg4 21. hxg4 Rxh1 22. Rxh1 Qd7 23. Ne4 Nxg4 24. Bxd6 f5 25. Bxe7 Rxe7 26. Rh8+ Kc7 27. d6+ Qxd6 28. Nxd6 Rxe2 29. Nxf5 Rf2 30. Rh7+ Kb6 31. Nd6 Ne3 32. Nc8+ Kc6 33. Nxa7+ Kd6 34. Rg7 g4 35. Rg5 Rxc2+ 36. Kb1 Rxc4 *

[Event "EYTCC Open U12 2018"]
[Site "Bad Blankeburg"]
[Date "2018.07.12"]
[Round "1"]
[White "Maurizzi, Marc Andria"]
[Black "Gokcek, Kursat Bugra"]
[Result "0-1"]
[ECO "B47"]
[WhiteElo "2155"]
[BlackElo "1974"]
[Annotator "NA"]
[PlyCount "86"]
[EventDate "2018.07.12"]
[EventType "swiss"]
[EventCountry "GER"]
[SourceTitle "playchess.com"]
[Source "ChessBase"]
[SourceQuality "1"]
[TimeControl "40/5400+30:1800+30"]

1. e4 c5 2. Nf3 e6 3. d4 cxd4 4. Nxd4 Nc6 5. Nc3 Qc7 6. Be2 Nf6 7. O-O a6 8. Be3 b5 9. Nxc6 dxc6 10. f4 Be7 11. e5 Nd5 12. Nxd5 cxd5 13. Kh1 Bd7 14. Bd3 Bc5 15. Bxc5 Qxc5 16. c3 g6 17. Qd2 O-O 18. Rae1 Rfb8 19. b4 Qf8 20. Rf3 a5 21. bxa5 Rxa5 22. Bb1 b4 23. Rc1 Ra3 24. Rg3 b3 25. axb3 Raxb3 26. Bc2 Rb2 27. h3 Ra2 28. c4 Bc6 29. cxd5 Bxd5 30. Qe3 Rc8 31. Bd3 Rxc1+ 32. Qxc1 Qa8 33. Bb1 Rxg2 34. Rxg2 Bxg2+ 35. Kh2 Bd5 36. Qc7 Kg7 37. Qc3 Qa7 38. Qd2 Qa1 39. Qb4 Qa7 40. Qd2 Qa1 41. Qb4 g5 42. Kg3 Qa7 43. Qe1 Qa3+ 0-1

[Event "EYTCC Open U12 2018"]
[Site "Bad Blankeburg"]
[Date "2018.07.12"]
[Round "1"]
[White "Pasztor, Balazs"]
[Black "Stalmach, Richard"]
[Result "0-1"]
[ECO "C09"]
[WhiteElo "2141"]
[BlackElo "2063"]
[Annotator "NA"]
[PlyCount "178"]
[EventDate "2018.07.12"]
[EventType "swiss"]
[EventCountry "GER"]
[SourceTitle "playchess.com"]
[Source "ChessBase"]
[SourceQuality "1"]
[TimeControl "40/5400+30:1800+30"]

1. e4 e6 2. d4 d5 3. Nd2 c5 4. exd5 exd5 5. Ngf3 Nc6 6. Bb5 cxd4 7. O-O Bd6 8. Nb3 Nge7 9. Re1 O-O 10. Nfxd4 Qc7 11. h3 Ne5 12. Bf4 f6 13. Qe2 a6 14. Bd3 Bd7 15. c3 Rfe8 16. Qc2 Nxd3 17. Bxd6 Nxe1 18. Bxc7 Nxc2 19. Nxc2 Rac8 20. Bb6 Nf5 21. Be3 Nd6 22. Nd2 Bf5 23. Nd4 Be4 24. Bf4 Nc4 25. Nxc4 Rxc4 26. Be3 b5 27. a3 Rb8 28. Kf1 a5 29. Bd2 b4 30. axb4 axb4 31. Ra7 bxc3 32. Bxc3 Rb6 33. f3 Bd3+ 34. Kf2 Rc8 35. Ke3 Bg6 36. Kf4 Bb1 37. Rd7 g5+ 38. Kg4 Rc5 39. Re7 Kf8 40. Re6 Rcb5 41. Rxf6+ Rxf6 42. Nxb5 Rc6 43. Nd4 Ra6 44. f4 gxf4 45. Kxf4 Be4 46. g4 Rf6+ 47. Nf5 Rg6 48. Bb4+ Kf7 49. Nd6+ Ke6 50. Nxe4 dxe4 51. Kxe4 Rh6 52. Bc5 Rxh3 53. b4 Rc3 54. Kf4 Rc4+ 55. Kg5 Kf7 56. Kf5 Kg7 57. Bd6 Rc1 58. Bg3 Kf7 59. Bd6 Rd1 60. Bc5 Rd5+ 61. Ke4 Rg5 62. Kf4 Kg6 63. Be7 Rd5 64. Ke4 Rd7 65. Bc5 Kg5 66. b5 Kxg4 67. b6 h5 68. Bg1 Kg3 69. Bd4 Re7+ 70. Kf5 Rb7 71. Be5+ Kg2 72. Bc7 h4 73. Ke5 h3 74. Kd5 Rxb6 75. Bxb6 h2 76. Kc6 h1=Q 77. Bc5 Kg3+ 78. Kd6 Qh6+ 79. Kd5 Qg5+ 80. Kc6 Kf3 81. Bd6 Ke4 82. Bc5 Qd5+ 83. Kb6 Qd8+ 84. Kc6 Ke5 85. Bb6 Qd5+ 86. Kc7 Qd6+ 87. Kb7 Kd5 88. Ka8 Kc6 89. Bc7 Kxc7 0-1

[Event "EYTCC Open U12 2018"]
[Site "Bad Blankeburg"]
[Date "2018.07.12"]
[Round "1"]
[White "Sokolovsky, Yahli"]
[Black "Wagner, Leopold Franziskus"]
[Result "*"]
[ECO "B90"]
[WhiteElo "2106"]
[BlackElo "2108"]
[Annotator "NA"]
[PlyCount "80"]
[EventDate "2018.07.12"]
[EventType "swiss"]
[EventCountry "GER"]
[SourceTitle "playchess.com"]
[Source "ChessBase"]
[SourceQuality "1"]
[TimeControl "40/5400+30:1800+30"]

1. e4 c5 2. Nf3 d6 3. d4 cxd4 4. Nxd4 Nf6 5. Nc3 a6 6. h3 e6 7. g4 b5 8. Bg2 Bb7 9. g5 Nfd7 10. O-O Be7 11. f4 O-O 12. Be3 Re8 13. Qd2 Nb6 14. b3 N8d7 15. f5 Bf8 16. fxe6 fxe6 17. Qf2 Ne5 18. Ndxb5 axb5 19. Bxb6 Qxg5 20. Nxb5 Bxe4 21. Nc7 Re7 22. Nxa8 Rf7 23. Qe2 Nf3+ 24. Kh1 Qg3 25. Bg1 d5 26. Rxf3 Rxf3 27. Bh2 Qxh3 28. Qxe4 dxe4 29. Bxh3 Rxh3 30. Rd1 Rc3 31. Rd2 Ba3 32. Re2 e3 33. Be5 Rc5 34. Bd4 Ra5 35. Nb6 Bc1 36. Bxe3 Bxe3 37. Rxe3 Rxa2 38. c4 Kf7 39. Na4 Ra3 40. c5 Ke7 *

[Event "EYTCC Open U12 2018"]
[Site "Bad Blankeburg"]
[Date "2018.07.12"]
[Round "1"]
[White "Sokolovsky, Yahli"]
[Black "Wagner, Leopold Franziskus"]
[Result "0-1"]
[ECO "B18"]
[WhiteElo "2106"]
[BlackElo "2108"]
[Annotator "NA"]
[PlyCount "126"]
[EventDate "2018.07.12"]
[EventType "swiss"]
[EventCountry "GER"]
[SourceTitle "playchess.com"]
[Source "ChessBase"]
[SourceQuality "1"]
[TimeControl "40/5400+30:1800+30"]

1. e4 c6 2. d4 d5 3. Nc3 dxe4 4. Nxe4 Bf5 5. Ng3 Bg6 6. h4 h6 7. h5 Bh7 8. Nf3 Nf6 9. Bd3 Bxd3 10. Qxd3 e6 11. Bd2 Nbd7 12. O-O-O Bd6 13. Ne4 Nxe4 14. Qxe4 Nf6 15. Qe2 Qc7 16. Kb1 O-O-O 17. c4 Bf4 18. Bc3 Rhe8 19. Ne5 Ng8 20. Qg4 Bg5 21. f4 Bf6 22. Bb4 Kb8 23. Rh3 a5 24. Bc5 a4 25. Ra3 b6 26. Bb4 Kb7 27. Rxa4 Ra8 28. Rxa8 Rxa8 29. d5 cxd5 30. cxd5 Rc8 31. Bc3 Bxe5 32. fxe5 exd5 33. Rxd5 Rd8 34. Qd4 Rxd5 35. Qxd5+ Ka7 36. Bb4 Qb7 37. Qc4 Ne7 38. a3 Nc6 39. Bc3 Qd7 40. Qe4 Qe6 41. Qf3 Kb8 42. Qg3 g6 43. hxg6 fxg6 44. Qf4 g5 45. Qf6 Qd5 46. e6 Qd1+ 47. Ka2 Qd5+ 48. b3 Qxg2+ 49. Bb2 Qe2 50. Qf8+ Kb7 51. Qf7+ Ka6 52. Qe8 Qe4 53. Qa8+ Kb5 54. a4+ Kc5 55. Qf8+ Kd5 56. Ka3 Qxe6 57. Bg7 Ke4 58. Qa8 Kd3 59. Qa6+ Kc2 60. Qb5 Qd6+ 61. Ka2 Nb4+ 62. Ka3 Nd3+ 63. b4 Qe6 0-1

[Event "EYTCC Open U12 2018"]
[Site "Bad Blankeburg"]
[Date "2018.07.12"]
[Round "1"]
[White "Pasti, Aron"]
[Black "Babula, Vlastimil"]
[Result "*"]
[ECO "E00"]
[WhiteElo "2069"]
[BlackElo "1800"]
[Annotator "NA"]
[PlyCount "50"]
[EventDate "2018.07.12"]
[EventType "swiss"]
[EventCountry "GER"]
[SourceTitle "playchess.com"]
[Source "ChessBase"]
[SourceQuality "1"]
[TimeControl "40/5400+30:1800+30"]

1. d4 Nf6 2. c4 e6 3. Bg5 h6 4. Bxf6 Qxf6 5. e3 b6 6. Nf3 Bb7 7. Be2 Be7 8. Nc3 O-O 9. O-O d6 10. Qc2 Nd7 11. Rfe1 Rfc8 12. Rad1 g5 13. Nd2 Qg7 14. Bd3 Kh8 15. Nf1 h5 16. d5 Ne5 17. Be2 g4 18. Nb5 c6 19. dxc6 Rxc6 20. Nd4 Rcc8 21. e4 Qh7 22. Bd3 a6 23. Qb3 Nxd3 24. Qxd3 h4 25. b3 Rc5 *

[Event "EYTCC Open U12 2018"]
[Site "Bad Blankeburg"]
[Date "2018.07.12"]
[Round "1"]
[White "Pasti, Aron"]
[Black "Babula, Vlastimil"]
[Result "1-0"]
[ECO "B90"]
[WhiteElo "2069"]
[BlackElo "1800"]
[Annotator "NA"]
[PlyCount "99"]
[EventDate "2018.07.12"]
[EventType "swiss"]
[EventCountry "GER"]
[SourceTitle "playchess.com"]
[Source "ChessBase"]
[SourceQuality "1"]
[TimeControl "40/5400+30:1800+30"]

1. e4 c5 2. Nf3 d6 3. d4 cxd4 4. Nxd4 Nf6 5. Nc3 a6 6. h3 e6 7. g4 b5 8. Bg2 Bb7 9. g5 Nfd7 10. O-O Be7 11. f4 O-O 12. Be3 Re8 13. Qd2 Nb6 14. b3 N8d7 15. f5 Bf8 16. fxe6 fxe6 17. Qf2 Ne5 18. Ndxb5 axb5 19. Bxb6 Qxg5 20. Nxb5 Bxe4 21. Nc7 Re7 22. Nxa8 Rf7 23. Qe2 Nf3+ 24. Kh1 Qg3 25. Bg1 d5 26. Rxf3 Rxf3 27. Bh2 Qxh3 28. Qxe4 dxe4 29. Bxh3 Rxh3 30. Rd1 Rc3 31. Rd2 Ba3 32. Re2 e3 33. Be5 Rc5 34. Bd4 Ra5 35. Nb6 Bc1 36. Bxe3 Bxe3 37. Rxe3 Rxa2 38. c4 Kf7 39. Na4 Ra3 40. c5 Ke7 41. Rd3 Ra1+ 42. Kg2 Rc1 43. Rc3 Rxc3 44. Nxc3 Kd7 45. b4 Kc6 46. Kf3 g6 47. Ne2 e5 48. Ke4 h5 49. Kxe5 h4 50. Kf4 1-0

[Event "EYTCC Open U12 2018"]
[Site "Bad Blankeburg"]
[Date "2018.07.12"]
[Round "1"]
[White "Mekhane, Adam"]
[Black "Caliskan, Seha"]
[Result "*"]
[ECO "B18"]
[WhiteElo "1999"]
[BlackElo "1874"]
[Annotator "NA"]
[PlyCount "80"]
[EventDate "2018.07.12"]
[EventType "swiss"]
[EventCountry "GER"]
[SourceTitle "playchess.com"]
[Source "ChessBase"]
[SourceQuality "1"]
[TimeControl "40/5400+30:1800+30"]

1. e4 c6 2. d4 d5 3. Nc3 dxe4 4. Nxe4 Bf5 5. Ng3 Bg6 6. h4 h6 7. h5 Bh7 8. Nf3 Nf6 9. Bd3 Bxd3 10. Qxd3 e6 11. Bd2 Nbd7 12. O-O-O Bd6 13. Ne4 Nxe4 14. Qxe4 Nf6 15. Qe2 Qc7 16. Kb1 O-O-O 17. c4 Bf4 18. Bc3 Rhe8 19. Ne5 Ng8 20. Qg4 Bg5 21. f4 Bf6 22. Bb4 Kb8 23. Rh3 a5 24. Bc5 a4 25. Ra3 b6 26. Bb4 Kb7 27. Rxa4 Ra8 28. Rxa8 Rxa8 29. d5 cxd5 30. cxd5 Rc8 31. Bc3 Bxe5 32. fxe5 exd5 33. Rxd5 Rd8 34. Qd4 Rxd5 35. Qxd5+ Ka7 36. Bb4 Qb7 37. Qc4 Ne7 38. a3 Nc6 39. Bc3 Qd7 40. Qe4 Qe6 *

[Event "EYTCC Open U12 2018"]
[Site "Bad Blankeburg"]
[Date "2018.07.12"]
[Round "1"]
[White "Kures, Michael"]
[Black "Fule, Simon"]
[Result "*"]
[ECO "B47"]
[WhiteElo "1982"]
[BlackElo "2061"]
[Annotator "NA"]
[PlyCount "44"]
[EventDate "2018.07.12"]
[EventType "swiss"]
[EventCountry "GER"]
[SourceTitle "playchess.com"]
[Source "ChessBase"]
[SourceQuality "1"]
[TimeControl "40/5400+30:1800+30"]

1. e4 c5 2. Nf3 e6 3. d4 cxd4 4. Nxd4 Nc6 5. Nc3 Qc7 6. Be2 Nf6 7. O-O a6 8. Be3 b5 9. Nxc6 dxc6 10. f4 Be7 11. e5 Nd5 12. Nxd5 cxd5 13. Kh1 Bd7 14. Bd3 Bc5 15. Bxc5 Qxc5 16. c3 g6 17. Qd2 O-O 18. Rae1 Rfb8 19. b4 Qf8 20. Rf3 a5 21. bxa5 Rxa5 22. Bb1 b4 *

[Event "EYTCC Open U12 2018"]
[Site "Bad Blankeburg"]
[Date "2018.07.12"]
[Round "1"]
[White "Kures, Michael"]
[Black "Fule, Simon"]
[Result "1/2-1/2"]
[ECO "C28"]
[WhiteElo "1982"]
[BlackElo "2061"]
[Annotator "NA"]
[PlyCount "150"]
[EventDate "2018.07.12"]
[EventType "swiss"]
[EventCountry "GER"]
[SourceTitle "playchess.com"]
[Source "ChessBase"]
[SourceQuality "1"]
[TimeControl "40/5400+30:1800+30"]

1. e4 e5 2. Nc3 Nf6 3. Bc4 Nc6 4. d3 Be7 5. Be3 Na5 6. Nf3 Nxc4 7. dxc4 d6 8. h3 Be6 9. Qe2 c5 10. g4 Qa5 11. Nd2 h6 12. f4 exf4 13. Bxf4 O-O-O 14. O-O-O g5 15. Bg3 h5 16. Nb3 Qb4 17. Nd5 Bxd5 18. exd5 Rde8 19. a3 Qa4 20. Nd2 hxg4 21. hxg4 Rxh1 22. Rxh1 Qd7 23. Ne4 Nxg4 24. Bxd6 f5 25. Bxe7 Rxe7 26. Rh8+ Kc7 27. d6+ Qxd6 28. Nxd6 Rxe2 29. Nxf5 Rf2 30. Rh7+ Kb6 31. Nd6 Ne3 32. Nc8+ Kc6 33. Nxa7+ Kd6 34. Rg7 g4 35. Rg5 Rxc2+ 36. Kb1 Rxc4 37. b3 Rf4 38. Nb5+ Ke6 39. Kc1 Kf6 40. Rg8 Nf5 41. Nc3 Rf3 42. Kd2 g3 43. b4 cxb4 44. axb4 Ke5 45. Ne2 Rb3 46. Kc2 Ra3 47. Kd2 Ke4 48. Rg4+ Ke5 49. Rg5 Kf6 50. Rg8 Ra2+ 51. Ke1 Rb2 52. Nxg3 Nxg3 53. Rxg3 Rxb4 54. Kd2 Rc4 55. Rb3 Rc7 56. Re3 b6 57. Re8 Rc6 58. Kd1 Kf7 59. Re5 Re6 60. Rf5+ Ke7 61. Kc2 Kd6 62. Kb1 Re5 63. Rf3 b5 64. Rh3 Kc5 65. Kb2 Kb4 66. Rh4+ Ka5 67. Rh3 Re4 68. Rg3 Kb4 69. Rh3 Re2+ 70. Kb1 Ka4 71. Rh4+ b4 72. Rh3 Rg2 73. Rf3 b3 74. Rf8 Ka3 75. Ra8+ Kb4 1/2-1/2

[Event "EYTCC Open U12 2018"]
[Site "Bad Blankeburg"]
[Date "2018.07.12"]
[Round "1"]
[White "Ozkan, Taha"]
[Black "Droin, Augustin"]
[Result "0-1"]
[ECO "E00"]
[WhiteElo "1891"]
[BlackElo "2095"]
[Annotator "NA"]
[PlyCount "88"]
[EventDate "2018.07.12"]
[EventType "swiss"]
[EventCountry "GER"]
[SourceTitle "playchess.com"]
[Source "ChessBase"]
[SourceQuality "1"]
[TimeControl "40/5400+30:1800+30"]

1. d4 Nf6 2. c4 e6 3. Bg5 h6 4. Bxf6 Qxf6 5. e3 b6 6. Nf3 Bb7 7. Be2 Be7 8. Nc3 O-O 9. O-O d6 10. Qc2 Nd7 11. Rfe1 Rfc8 12. Rad1 g5 13. Nd2 Qg7 14. Bd3 Kh8 15. Nf1 h5 16. d5 Ne5 17. Be2 g4 18. Nb5 c6 19. dxc6 Rxc6 20. Nd4 Rcc8 21. e4 Qh7 22. Bd3 a6 23. Qb3 Nxd3 24. Qxd3 h4 25. b3 Rc5 26. b4 Re5 27. Nd2 d5 28. Qc3 f6 29. exd5 exd5 30. c5 g3 31. fxg3 hxg3 32. h3 Re8 33. N2f3 Re4 34. c6 Bc8 35. Qc2 Bxb4 36. Rxe4 dxe4 37. Ne1 Bc5 38. Qe2 Rd8 39. Nec2 f5 40. Qe3 Qg7 41. Qf4 Bxd4+ 42. Nxd4 Rxd4 43. Rc1 Rd3 44. c7 Qd4+ 0-1

[Event "EYTCC Open U12 2018"]
[Site "Bad Blankeburg"]
[Date "2018.07.12"]
[Round "1"]
[White "Ozkan, Taha"]
[Black "Droin, Augustin"]
[Result "*"]
[ECO "C50"]
[WhiteElo "1891"]
[BlackElo "2095"]
[Annotator "NA"]
[PlyCount "56"]
[EventDate "2018.07.12"]
[EventType "swiss"]
[EventCountry "GER"]
[SourceTitle "playchess.com"]
[Source "ChessBase"]
[SourceQuality "1"]
[TimeControl "40/5400+30:1800+30"]

1. e4 e5 2. Nf3 Nc6 3. Bc4 Bc5 4. d3 h6 5. Bb3 d6 6. c3 Nf6 7. Nbd2 O-O 8. O-O a5 9. h3 Be6 10. Re1 Qb8 11. Nf1 Qa7 12. Be3 a4 13. Bc2 Bxe3 14. Nxe3 Ne7 15. d4 Ng6 16. Nf5 Rfe8 17. Qd2 Rad8 18. Rad1 Bd7 19. Kh2 Qb6 20. Bb1 d5 21. Nxe5 Nxe5 22. dxe5 Rxe5 23. f4 Nxe4 24. Rxe4 Rxe4 25. Bxe4 dxe4 26. Ne3 Rf8 27. Qxd7 Qxe3 28. Qxc7 Qf2 *

[Event "EYTCC Open U12 2018"]
[Site "Bad Blankeburg"]
[Date "2018.07.12"]
[Round "1"]
[White "Bui, Bao Anh Le"]
[Black "Hagner, Bennet"]
[Result "*"]
[ECO "C72"]
[WhiteElo "1883"]
[BlackElo "1947"]
[Annotator "NA"]
[PlyCount "61"]
[EventDate "2018.07.12"]
[EventType "swiss"]
[EventCountry "GER"]
[SourceTitle "playchess.com"]
[Source "ChessBase"]
[SourceQuality "1"]
[TimeControl "40/5400+30:1800+30"]

1. e4 e5 2. Nf3 Nc6 3. Bb5 a6 4. Ba4 d6 5. O-O Bg4 6. c3 Qf6 7. d3 Nge7 8. Be3 Ng6 9. Nbd2 Nh4 10. Qb3 b5 11. Qd5 Kd7 12. Bxb5 axb5 13. Nxh4 Be6 14. Qxb5 Qxh4 15. d4 exd4 16. cxd4 Ra5 17. Qd3 d5 18. f3 Bd6 19. e5 Be7 20. a3 Rha8 21. Rac1 Nd8 22. Rc3 c6 23. Rfc1 Rb8 24. b4 Rab5 25. Nb3 Qh5 26. Na5 R5b6 27. Qe2 Qg6 28. Kh1 Bf5 29. Bf4 Qe6 30. h3 Ke8 31. Qd1 *

[Event "EYTCC Open U12 2018"]
[Site "Bad Blankeburg"]
[Date "2018.07.12"]
[Round "1"]
[White "Hlavina, Matous"]
[Black "Tancsa, Tamas"]
[Result "0-1"]
[ECO "C72"]
[WhiteElo "1776"]
[BlackElo "2023"]
[Annotator "NA"]
[PlyCount "106"]
[EventDate "2018.07.12"]
[EventType "swiss"]
[EventCountry "GER"]
[SourceTitle "playchess.com"]
[Source "ChessBase"]
[SourceQuality "1"]
[TimeControl "40/5400+30:1800+30"]

1. e4 e5 2. Nf3 Nc6 3. Bb5 a6 4. Ba4 d6 5. O-O Bg4 6. c3 Qf6 7. d3 Nge7 8. Be3 Ng6 9. Nbd2 Nh4 10. Qb3 b5 11. Qd5 Kd7 12. Bxb5 axb5 13. Nxh4 Be6 14. Qxb5 Qxh4 15. d4 exd4 16. cxd4 Ra5 17. Qd3 d5 18. f3 Bd6 19. e5 Be7 20. a3 Rha8 21. Rac1 Nd8 22. Rc3 c6 23. Rfc1 Rb8 24. b4 Rab5 25. Nb3 Qh5 26. Na5 R5b6 27. Qe2 Qg6 28. Kh1 Bf5 29. Bf4 Qe6 30. h3 Ke8 31. Qd1 Kf8 32. Bh2 Rc8 33. Bf4 Qd7 34. Qd2 Ne6 35. Be3 f6 36. Nb3 Rd8 37. exf6 Bxf6 38. Bf4 Ra6 39. Ra1 Rda8 40. Nc5 Nxc5 41. bxc5 Qa7 42. Bd6+ Kg8 43. g4 Bg6 44. g5 Be7 45. Bxe7 Qxe7 46. Re3 Qd7 47. Kh2 Ra4 48. Qb2 Qf5 49. Rae1 Qf4+ 50. Kh1 Bh5 51. Qc3 Rxa3 52. Qd2 Bxf3+ 53. Kg1 Qg3+ 0-1

[Event "EYTCC Open U12 2018"]
[Site "Bad Blankeburg"]
[Date "2018.07.12"]
[Round "1"]
[White "Costa, Leonardo"]
[Black "Aizenberg, Benny"]
[Result "0-1"]
[ECO "B40"]
[WhiteElo "1746"]
[BlackElo "1941"]
[Annotator "NA"]
[PlyCount "72"]
[EventDate "2018.07.12"]
[EventType "swiss"]
[EventCountry "GER"]
[SourceTitle "playchess.com"]
[Source "ChessBase"]
[SourceQuality "1"]
[TimeControl "40/5400+30:1800+30"]

1. e4 c5 2. Nf3 e6 3. d4 cxd4 4. Nxd4 Nf6 5. Nc3 Nc6 6. Be3 Bb4 7. f3 d5 8. Bd3 e5 9. Nxc6 bxc6 10. Bd2 Qb6 11. exd5 Nxd5 12. Nxd5 cxd5 13. c3 Bc5 14. Qb3 Qd6 15. Bb5+ Bd7 16. Qa4 Rd8 17. Bxd7+ Rxd7 18. Qc2 O-O 19. Qd3 Rb8 20. b3 Qe6 21. Qe2 e4 22. fxe4 dxe4 23. Be3 Qb6 24. Bxc5 Qxc5 25. Rc1 Rd3 26. Kf1 Qf5+ 27. Qf2 Qg5 28. Re1 e3 29. Qf3 Re8 30. Kg1 Qc5 31. h3 e2+ 32. Qf2 Rd1 33. Qxc5 Rxe1+ 34. Kf2 Rxh1 35. Kf3 e1=Q 36. Qc6 Rf1+ 0-1

[Event "EYTCC Open U12 2018"]
[Site "Bad Blankeburg"]
[Date "2018.07.12"]
[Round "1"]
[White "Adiguzel, Ufuk Alp"]
[Black "Razafindratsima, Timothe"]
[Result "1/2-1/2"]
[ECO "C50"]
[WhiteElo "1686"]
[BlackElo "1975"]
[Annotator "NA"]
[PlyCount "82"]
[EventDate "2018.07.12"]
[EventType "swiss"]
[EventCountry "GER"]
[SourceTitle "playchess.com"]
[Source "ChessBase"]
[SourceQuality "1"]
[TimeControl "40/5400+30:1800+30"]

1. e4 e5 2. Nf3 Nc6 3. Bc4 Bc5 4. d3 h6 5. Bb3 d6 6. c3 Nf6 7. Nbd2 O-O 8. O-O a5 9. h3 Be6 10. Re1 Qb8 11. Nf1 Qa7 12. Be3 a4 13. Bc2 Bxe3 14. Nxe3 Ne7 15. d4 Ng6 16. Nf5 Rfe8 17. Qd2 Rad8 18. Rad1 Bd7 19. Kh2 Qb6 20. Bb1 d5 21. Nxe5 Nxe5 22. dxe5 Rxe5 23. f4 Nxe4 24. Rxe4 Rxe4 25. Bxe4 dxe4 26. Ne3 Rf8 27. Qxd7 Qxe3 28. Qxc7 Qf2 29. Rd8 Rxd8 30. Qxd8+ Kh7 31. Qc7 Kg6 32. Qe5 Qc2 33. f5+ Kh7 34. f6 Qf2 35. Qxe4+ g6 36. Qe5 h5 37. Qd6 h4 38. Qe5 Kh6 39. Qd6 Kg5 40. Qd5+ Kxf6 41. Qxb7 Ke5 1/2-1/2

[Event "EYTCC Open U12 2018"]
[Site "Bad Blankeburg"]
[Date "2018.07.12"]
[Round "1"]
[White "Adiguzel, Ufuk Alp"]
[Black "Razafindratsima, Timothe"]
[Result "*"]
[ECO "D00"]
[WhiteElo "1686"]
[BlackElo "1975"]
[Annotator "NA"]
[PlyCount "52"]
[EventDate "2018.07.12"]
[EventType "swiss"]
[EventCountry "GER"]
[SourceTitle "playchess.com"]
[Source "ChessBase"]
[SourceQuality "1"]
[TimeControl "40/5400+30:1800+30"]

1. d4 d5 2. Bf4 c5 3. e3 Nc6 4. c3 Nf6 5. Nd2 Bf5 6. Ngf3 Qb6 7. Qb3 c4 8. Qxb6 axb6 9. a3 b5 10. Rc1 h6 11. Be2 e6 12. O-O Be7 13. Rfe1 O-O 14. h3 g5 15. Bg3 Bh7 16. Bd1 Rfe8 17. Bc2 Bxc2 18. Rxc2 Nh5 19. Bh2 f5 20. Ne5 Nxe5 21. Bxe5 Nf6 22. f3 Nd7 23. Bh2 Bf6 24. Nf1 e5 25. dxe5 Bxe5 26. Rd2 Nf6 *

[Event "EYTCC Open U12 2018"]
[Site "Bad Blankeburg"]
[Date "2018.07.13"]
[Round "2.2"]
[White "Laux, Dominik"]
[Black "Hommer, Jeremy"]
[Result "0-1"]
[ECO "A40"]
[WhiteElo "1877"]
[BlackElo "1926"]
[Annotator "NA"]
[PlyCount "79"]
[EventDate "2018.07.12"]
[EventType "swiss"]
[EventCountry "GER"]
[SourceTitle "playchess.com"]
[Source "ChessBase"]
[SourceQuality "1"]
[WhiteTeam "Germany"]
[BlackTeam "Germany"]
[WhiteTeamCountry "GER"]
[BlackTeamCountry "GER"]
[TimeControl "40/5400+30:1800+30"]

1. d4 e6 2. Nf3 b6 3. Bf4 Bb7 4. e3 f5 5. c4 Nf6 6. Nc3 Bb4 7. Bd3 Bxc3+ 8. bxc3 O-O 9. O-O d6 10. Nd2 Nbd7 11. Qb3 Kh8 12. h3 Rb8 13. Bh2 Qe7 14. a4 a5 15. Ra2 Ba8 16. Nb1 Rf7 17. Na3 Rg8 18. Nb5 Ne8 19. f3 g5 20. Raf2 g4 21. fxg4 Rfg7 22. Be2 fxg4 23. hxg4 h5 24. Qc2 hxg4 25. Bg3 Qg5 26. Bd3 Ndf6 27. Nxc7 Rxc7 28. Bxd6 Nxd6 29. Rxf6 Ne4 30. Bxe4 Qxe3+ 31. Qf2 Qxe4 32. Re1 Qb7 33. Rexe6 Rh7 34. Rh6 Qg7 35. Qh4 Be4 36. Rxh7+ Bxh7 37. Rxb6 g3 38. Qf6 Re8 39. Qf1 Qg5 40. Rf6 0-1

[Event "EYTCC Open U12 2018"]
[Site "Bad Blankeburg"]
[Date "2018.07.13"]
[Round "2.3"]
[White "Costa, Leonardo"]
[Black "Eilenberg, Jonas"]
[Result "1/2-1/2"]
[ECO "C54"]
[WhiteElo "1746"]
[BlackElo "1910"]
[Annotator "NA"]
[PlyCount "101"]
[EventDate "2018.07.12"]
[EventType "swiss"]
[EventCountry "GER"]
[SourceTitle "playchess.com"]
[Source "ChessBase"]
[SourceQuality "1"]
[WhiteTeam "Germany"]
[BlackTeam "Germany"]
[WhiteTeamCountry "GER"]
[BlackTeamCountry "GER"]
[TimeControl "40/5400+30:1800+30"]

1. e4 e5 2. Nf3 Nc6 3. Bc4 Bc5 4. c3 Nf6 5. d4 exd4 6. cxd4 Bb4+ 7. Nbd2 Bxd2+ 8. Bxd2 Nxe4 9. d5 Ne7 10. O-O O-O 11. Bb4 d6 12. Re1 Nf6 13. Bc3 Ng6 14. h3 Rb8 15. Bb3 Bd7 16. Qd2 c6 17. dxc6 Bxc6 18. Nd4 Rc8 19. Nxc6 bxc6 20. Rad1 d5 21. f3 Qc7 22. Qg5 h6 23. Qf5 Nh4 24. Qe5 Qxe5 25. Bxe5 Ng6 26. Bd6 Rfd8 27. Bc5 Rd7 28. Bc2 Rb7 29. b4 Re8 30. Rxe8+ Nxe8 31. Ba4 Rc7 32. Kf2 Nf4 33. Kf1 Ne6 34. Bf2 f5 35. Rc1 Nd8 36. Rc5 Kf7 37. Bg3 Rb7 38. b5 cxb5 39. Bxb5 f4 40. Be1 Nc7 41. Bd3 Nde6 42. Ra5 g6 43. Bf2 d4 44. Be4 Rb2 45. Rxa7 Kf6 46. Rxc7 Rxf2+ 47. Kxf2 Nxc7 48. a4 g5 49. Ke2 Ke5 50. Kd3 Ne6 51. Kc4 1/2-1/2

[Event "EYTCC Open U12 2018"]
[Site "Bad Blankeburg"]
[Date "2018.07.13"]
[Round "2.4"]
[White "Schubert, Nikita"]
[Black "Grabs, Peter"]
[Result "1-0"]
[ECO "A84"]
[WhiteElo "1984"]
[BlackElo "1649"]
[Annotator "NA"]
[PlyCount "77"]
[EventDate "2018.07.12"]
[EventType "swiss"]
[EventCountry "GER"]
[SourceTitle "playchess.com"]
[Source "ChessBase"]
[SourceQuality "1"]
[WhiteTeam "Germany"]
[BlackTeam "Germany"]
[WhiteTeamCountry "GER"]
[BlackTeamCountry "GER"]
[TimeControl "40/5400+30:1800+30"]

1. d4 e6 2. Nf3 f5 3. c4 Nf6 4. e3 d5 5. Bd3 c6 6. O-O Bd6 7. b3 O-O 8. Ba3 Ne4 9. Bxd6 Qxd6 10. Ne5 Nd7 11. Nxd7 Bxd7 12. Nd2 Nf6 13. Nf3 Be8 14. c5 Qe7 15. Ne5 Bh5 16. Qc2 Nd7 17. Nxd7 Qxd7 18. f4 Kh8 19. b4 a6 20. a4 Ra7 21. b5 axb5 22. axb5 Rfa8 23. Rxa7 Rxa7 24. Qb2 Ra8 25. b6 Qc8 26. Ra1 Qb8 27. Ra3 Bf7 28. Qa2 Rxa3 29. Qxa3 Kg8 30. Qa7 Qc8 31. Ba6 Qd8 32. Qxb7 Be8 33. Qc8 Qe7 34. b7 h6 35. b8=Q Qh4 36. Qxe8+ Kh7 37. Qg8+ Kg6 38. Qbe8+ Kf6 39. Qef7# 1-0